 Dungeon Crawl Stone Soup version 0.31.0-11-ge490571c62 (webtiles) character file.

Game seed: 14203929865183962731

282 MollyMolluskus the Ruffian (level 6, 0/43 HPs)
             Began as an Octopode Fighter on Jan 28, 2024.
             Slain by a gnoll
             ... wielding a +0 flail
             ... led by a gnoll bouda
              (10 damage)
             ... on level 4 of the Dungeon.
             The game lasted 00:15:23 (2874 turns).

MollyMolluskus the Ruffian (Octopode Fighter)       Turns: 2874, Time: 00:15:24

Health: 0/43       AC:  1    Str: 17    XL:     6   Next: 28%
Magic:  6/6        EV: 13    Int: 10    God:
Gold:   95         SH:  4    Dex: 12    Spells: 5/5 levels left

rFire   . .          .
                       - Unarmed
rCold   . . .        a - +0 buckler
rNeg    . . .        (helmet restricted)
rPois   .            (no amulet)
rElec   .            (no ring)
rCorr   .            (no ring)
SInv    .            (no ring)
Will    .....        (no ring)
Stlth   +++          (no ring)
HPRegen 0.27/turn    (no ring)
MPRegen 0.10/turn    (no ring)
                     (no ring)

%: no passive effects
@: weakened
A: almost no armour, amphibious, 8 rings, camouflage 1, gelatinous body 1,
(nimble swimmer 1), tentacles
a: no special abilities


You were on level 4 of the Dungeon.
You visited 1 branch of the dungeon, and saw 4 of its levels.

You collected 95 gold pieces.

Inventory:

Missiles
 c - 7 poisoned darts (quivered)
 j - 2 boomerangs
Armour
 a - a +0 buckler (worn)
Wands
 g - a wand of roots (7)
Potions
 b - a potion of might
 d - a potion of magic {unknown}
 e - a potion of ambrosia {unknown}
 f - a potion of heal wounds
 h - a potion of degeneration {unknown}
 i - a potion of brilliance {unknown}


   Skills:
 + Level 3.8 Fighting
 + Level 3.9 Dodging
 + Level 3.1 Stealth
 + Level 3.8 Shields
 * Level 4.1 Unarmed Combat


You had 5 spell levels left.
You didn't know any spells.
Your spell library contained the following spells:

 Spells                   Type           Power      Damage    Failure   Level
 Magic Dart               Conj           0%         1d3       43%         1
 Lesser Beckoning         Tloc           0%         N/A       58%         2
 Searing Ray              Conj           0%         2d4       58%         2
 Frozen Ramparts          Ice            0%         1d1       82%         3
 Gell's Gravitas          Tloc           0%         N/A       82%         3
 Hailstorm                Conj/Ice       0%         3d5       82%         3
 Summon Ice Beast         Ice/Summ       0%         N/A       82%         3
 Teleport Other           Tloc           0%         N/A       82%         3
 Fulminant Prism          Conj/Alch      0%         3d5       99%         4
 Leda's Liquefaction      Alch/Erth      0%         N/A       99%         4
 Petrify                  Alch/Erth      0%         N/A       99%         4
 Metabolic Englaciation   Hex/Ice        0%         N/A       100%        5
 Sculpt Simulacrum        Ice/Alch       0%         N/A       100%        6


Dungeon Overview and Level Annotations

Branches:
Dungeon (4/15)
 Temple: D:4-7

Altars:
Zin


Innate Abilities, Weirdness & Mutations

You cannot wear most types of armour.
You are amphibious.
You can wear up to eight rings at the same time.
Your skin changes colour to match your surroundings (Stealth+).
Your rubbery body absorbs attacks. (AC +1, EV +1)
((You are camouflaged when in or above water. (Stealth+)))
You have tentacles for arms and can constrict up to eight enemies at once.


Message History

The orc closely misses you.
You barely miss the gnoll bouda.
The gnoll shouts!
Your grab misses the gnoll bouda. Your squeeze misses the gnoll bouda.
The gnoll bouda is heavily wounded.
You hear a shout!
The gnoll bouda gazes fiercely through you!
You feel your attacks grow feeble.
The gnoll bouda hits you with a +0 whip!
The orc barely misses you.
A kobold comes into view. It is wielding a +0 club.
You barely miss the gnoll bouda. You grab the gnoll bouda.
The gnoll bouda is heavily wounded.
You constrict the gnoll bouda.
The gnoll bouda hits you with a +0 whip!
The orc completely misses you. The orc barely misses you.
Unknown command.
You release your grip on the gnoll bouda.
The gnoll bouda hits you with a +0 whip!
The orc hits you with a +0 trident.
* * * LOW HITPOINT WARNING * * *
Unknown command.
You tentacle-slap the orc.
You kill the orc!
The gnoll bouda hits you with a +0 whip!
* * * LOW HITPOINT WARNING * * *
You block the orc's attack. You block the gnoll's attack.
Unknown command.
You aren't carrying any scrolls.
It was a potion of heal wounds.
You feel much better.
The gnoll bouda hits you with a +0 whip!
The orc hits you with a +0 club. The gnoll closely misses you.
You tentacle-slap the gnoll bouda but do no damage.
Your grab misses the gnoll bouda.
The gnoll bouda is severely wounded.
The gnoll bouda hits you with a +0 whip!
* * * LOW HITPOINT WARNING * * *
A hobgoblin comes into view.
The orc barely misses you. The gnoll hits you with a +0 flail!
You die...

,,**,,,,,..............#.........
,,,,,,,,,..........#.........##..
,,**,,,,,.....#..............#.##
,,,*,,,,,,....#.....##..........#
*,,,,,,,..##...............).....
*,,,*,,,.....#......#...........#
*,,,*,,,....#......##...........#
*,,,,,,,.......o...........#.....
***,,,,,......gg@..#.......#.....
*,,,,,,,......gg#K.#........)....
*,,,,,,,..#....(#.....####..)##..
,,**,,,,.>#.....#.....####..##...
,,**,,,,,,#?....##....##....##..#
,,,,,,,,,.................#......
**,,,,,,.#.......#..#..####......
****,,,*#.....g........,#..!....
******,,*,,,,..#.##....,#.......


You could see a gnoll bouda, 3 gnolls, an orc, a hobgoblin and a kobold.

Vanquished Creatures
  An orc priest (D:4)
  An orc wizard (D:4)
  Robin (D:2)
  5 gnolls (D:3)
  7 adders
  3 dart slugs
  3 ribbon worms
  4 orcs
  4 endoplasms
  4 giant cockroaches
  18 goblins
  10 hobgoblins
  9 kobolds
  2 quokkas
  9 ball pythons
  A bat (D:3)
  A frilled lizard (D:1)
  9 rats
92 creatures vanquished.

Notes
Turn   | Place    | Note
-------+----------+-------------------------------------------
     0 | D:1      | MollyMolluskus the Octopode Fighter began the quest for the
                  | Orb.
     0 | D:1      | Reached XP level 1. HP: 16/16 MP: 1/1
   174 | D:1      | Reached XP level 2. HP: 21/21 MP: 2/2
   270 | D:1      | Reached skill level 1 in Stealth
   405 | D:1      | Reached XP level 3. HP: 26/26 MP: 3/3
   853 | D:2      | Noticed Robin
   991 | D:2      | Reached skill level 3 in Unarmed Combat
   991 | D:2      | Reached XP level 4. HP: 25/31 MP: 4/4
  1234 | D:2      | Killed Robin
  1359 | D:2      | Found a glowing silver altar of Zin.
  1837 | D:3      | Reached XP level 5. HP: 36/36 MP: 5/5
  1986 | D:3      | Found a faded altar of an unknown god.
  2683 | D:4      | Reached XP level 6. HP: 30/43 MP: 6/6
  2687 | D:4      | Reached skill level 4 in Unarmed Combat
  2874 | D:4      | Slain by a gnoll

Illustrated notes

Levels and vault maps discovered:
D:1:      minmay_arrival_stone_box, layout_loops_ring
D:2:      layout_basic, basic_altar, minmay_octomino_j4, uniq_robin
D:3:      layout_basic, ebering_ecumenical_altar_petrified, saegor_snake_ambush
D:4:      layout_cave_pools, nicolae_shop_sticking_my_neck_out

Skill      XL: |  1  2  3  4  5  6 |
---------------+-------------------+-----
Stealth        | 1 2 3 |  3.1
Unarmed Combat | 3 4 |  4.1
Fighting       | |  3.8
Dodging        | |  3.9
Shields        | |  3.8

Action                     |  1- 3 |  4- 6 || total
---------------------------+-------+-------++-------
  Melee: Unarmed           |    84 |   114 ||   198
         Constrict         |    28 |    33 ||    61
         Tentacles         |    13 |    30 ||    43
  Throw: Stone             |     5 |     3 ||     8
         Dart              |       |     6 ||     6
    Use: Scroll            |     3 |     5 ||     8
         Potion            |       |     1 ||     1
   Stab: Sleeping          |     2 |    10 ||    12
 Armour: Skin              |    21 |    46 ||    67
  Dodge: Dodged            |    49 |    56 ||   105
  Block: Buckler           |    13 |    24 ||    37
